 Dungeon Crawl Stone Soup version 0.25.1-2-g60ff931df9 (webtiles) character file.

Game seed: 12795441265920366216

97 Johnny the Digger (level 4, -2/33 HPs)
             Began as a Demigod Earth Elementalist on Oct 7, 2020.
             Slain by a goblin (4 damage)
             ... led by Robin
             ... on level 2 of the Dungeon.
             The game lasted 00:01:49 (1422 turns).

Johnny the Digger (Demigod Earth Elementalist)      Turns: 1422, Time: 00:01:49

Health: -2/33      AC:  3    Str: 11    XL:     4   Next: 19%
Magic:  0/10       EV: 12    Int: 21    God:
Gold:   106        SH:  0    Dex: 16    Spells: 7/8 levels left

rFire    + . .     SeeInvis .   (no weapon)
rCold    + . .     Gourm    .   (no shield)
rNeg     . . .     Faith    .   c - +0 robe
rPois    +         Spirit   .   (no helmet)
rElec    +         Reflect  .   (no cloak)
rCorr    +         Harm     .   k - +0 pair of gloves
MR       .....                  (no boots)
Stlth    +++.......             (no amulet)
HPRegen  0.11/turn              (no ring)
MPRegen  0.12/turn              (no ring)

@: resistant
A: talons 1, camouflage 1, high mp 1
a: no special abilities


You were on level 2 of the Dungeon.
You were not hungry.

You visited 1 branch of the dungeon, and saw 2 of its levels.

You collected 106 gold pieces.

Inventory:

Missiles
 b - 6 stones (quivered)
Armour
 c - a +0 robe (worn)
 k - a +0 pair of gloves (worn)
Scrolls
 e - 3 scrolls of remove curse {unknown}
 f - 2 scrolls of identify {unknown}
 i - a scroll of blinking {unknown}
 j - 2 scrolls of immolation {unknown}
 l - a scroll of teleportation {unknown}
 m - a scroll of enchant weapon {unknown}
 o - a scroll of noise {unknown}
Potions
 h - a potion of resistance
Comestibles
 a - a chunk of flesh
 d - 2 rations


   Skills:
 - Level 1.7 Dodging
 - Level 1.7 Stealth
 + Level 2.6 Spellcasting
   Level 0.8 Transmutations
 * Level 4.2 Earth Magic


You had 7 spell levels left.
You knew the following spells:

 Your Spells              Type           Power        Failure   Level  Hunger
a - Sandblast             Erth           ###...       2%          1    None

Your spell library contained the following spells:

 Spells                   Type           Power        Failure   Level  Hunger
 Passwall                 Tmut/Erth      ##......     8%          2    ##.....
 Stone Arrow              Conj/Erth      ##....       17%         3    ###....
 Petrify                  Tmut/Erth      ##......     43%         4    ####...
 Lee's Rapid Deconstruct  Erth           ###.......   54%         5    ######.


Dungeon Overview and Level Annotations

Branches:
Dungeon (2/15)

Annotations:
D:2 Robin


Innate Abilities, Weirdness & Mutations

You have an increased reservoir of magic. (+10% MP)
You have sharp toenails.
Your skin changes colour to match your surroundings (Stealth+).


Message History

Aim: a goblin, wielding a +0 dagger (strong)
The blast of sand hits the goblin.
The goblin is severely wounded.
b - 6 stones The goblin hits you.
* * * LOW HITPOINT WARNING * * *
The goblin hits you but does no damage.
Unknown command.
Unknown command.
You hit the goblin but do no damage. Your kick misses the goblin.
The goblin is severely wounded.
The goblin hits you.
* * * LOW HITPOINT WARNING * * *
The goblin hits you but does no damage.
Unknown command.
Unknown command.
You hit the goblin but do no damage.
The goblin is severely wounded.
The goblin hits you.
You die...

.# #.############ .# #.#
#...# #.# #.###...##### ###
#.# #...'........ ..# #.###
#..##...#### #.# #.#..
#..##...# #.# # ..#.#
#..##...# #.#.# ..#.#
#..##...#######.#)##.#
..#.#.#..##...gg@ggg..?.(..#
#.#.#.#..#####.######.#.#..#
#.....#..# #.......#)#
##.......# #.†.....).#
##..###.## #....(..###
........# #...<.gg+
###..##.# #.....g.# ......#
............# ####..#
########.......


You could see Robin, a hobgoblin (strong) and 3 goblins.

Vanquished Creatures
  5 adders (D:2)
  A worm (D:2)
  4 dart slugs
  A leopard gecko (D:2)
  11 goblins
  3 hobgoblins
  2 jackals (D:1)
  4 kobolds
  A ball python (D:1)
  3 bats (D:1)
  3 frilled lizards
  4 rats
42 creatures vanquished.

Notes
Turn   | Place    | Note
-------+----------+-------------------------------------------
     0 | D:1      | Johnny the Demigod Earth Elementalist began the quest for
                  | the Orb.
     0 | D:1      | Reached XP level 1. HP: 14/14 MP: 5/5
   241 | D:1      | Reached skill level 3 in Earth Magic
   303 | D:1      | Reached XP level 2. HP: 20/20 MP: 5/7
  1041 | D:2      | Reached XP level 3. HP: 26/26 MP: 7/9
  1279 | D:2      | Reached skill level 4 in Earth Magic
  1388 | D:2      | Noticed Robin
  1394 | D:2      | Reached XP level 4. HP: 18/33 MP: 6/10
  1411 | D:2      | Gained mutation: You have sharp toenails. [potion of
                  | mutation]
  1411 | D:2      | Gained mutation: Your skin changes colour to match your
                  | surroundings (Stealth+). [potion of mutation]
  1422 | D:2      | Slain by a goblin

Illustrated notes

Levels and vault maps discovered:
D:1:      psy_arrival_terrarium, layout_loops_ring, hangedman_decor_growths,
          hangedman_decor_riveting
D:2:      layout_basic, nemelex_lonely_heart_becter, uniq_natasha, uniq_robin

Skill      XL: |  1  2  3 |
---------------+----------+-----
Spellcasting   | 2 |  2.6
Earth Magic    | 3 4 |  4.2
Dodging        | |  1.7
Stealth        | |  1.7
Transmutations | |  0.8

Action                   |  1- 3 |  4- 6 || total
-------------------------+-------+-------++-------
Melee: Unarmed           |    13 |    11 ||    24
       Kick              |       |     2 ||     2
 Cast: Sandblast         |    49 |    10 ||    59
  Use: Potion            |       |     3 ||     3
  Eat: Chunk             |     2 |       ||     2
Armor: Robe              |     5 |     7 ||    12
Dodge: Dodged            |    25 |    14 ||    39
